 Dungeon Crawl Stone Soup version 0.16.1 (webtiles) character file.

766523 Hedron the Champion of Chaos (level 27, -1/268 HPs)
             Began as a Deep Dwarf Gladiator on Mar 18, 2015.
             Was the Champion of Makhleb.
             Killed from afar by an orb of fire (7 damage)
             ... with a bolt of fire
             ... on level 5 of the Realm of Zot on Mar 23, 2015.
             The game lasted 05:16:36 (62997 turns).

Hedron the Champion of Chaos (DDGl)                Turns: 62997, Time: 05:16:36

Health: -1/268     AC: 29    Str: 23    XL:     27
Magic:  45/45      EV: 27    Int:  7    God:    Makhleb [******]
Gold:   8661       SH:  0    Dex: 18    Spells: 8 memorised, 20 levels left

rFire  + + .     SeeInvis +     k - +9 battleaxe (vamp)
rCold  + + .     Clarity  .     d - +6 ring mail of Impermeability {rF++ MR+ MP-9}
rNeg   + + +     SustAb   +     (no shield)
rPois  +         Gourm    .     Y - +0 helmet "Fucyt" {+Fly rElec rN++ MP+9 Str-3}
rElec  +         Spirit   .     c - +1 cloak of Leaves {+Inv MR+}
rCorr  .         Warding  .     U - +2 pair of gloves {rC+}
rMut   +         Stasis   .     W - +2 pair of boots
MR     +++++                    A - amulet of resist mutation
Stlth  +++++.....               o - ring of Quutelomigo {+Inv rElec rC+ rN+ Int-2 SInv}
                                Z - ring "Nirrigar" {SustAb rPois MR+ Str+2 Int-3}

@: non-regenerating, almost entirely resistant to hostile enchantments, quite
stealthy
A: damage resistance, recharge devices, molten scales 1, negative energy
resistance 1, sense surroundings 3, slow healing 3
a: Device Recharging, Minor Destruction, Lesser Servant of Makhleb, Major
Destruction, Greater Servant of Makhleb, Renounce Religion, Evoke Invisibility,
Evoke Flight
}: 5/15 runes: decaying, slimy, silver, abyssal, gossamer


You were on level 5 of the Realm of Zot.
You worshipped Makhleb.
Makhleb was exalted by your worship.
You were not hungry.

You visited 18 branches of the dungeon, and saw 71 of its levels.
You visited the Abyss 1 time.
You also visited: Sewer, Ossuary, Ice Cave and Wizlab.

You collected 11002 gold pieces.
You spent 2341 gold pieces at shops.

Inventory:

Hand weapons
 k - a +9 vampiric battleaxe (weapon)
Armour
 c - the +1 cloak of Leaves (worn) {+Inv MR+}
   (You found it in a wizard's laboratory)

   It affects your resistance to hostile enchantments.
   It lets you turn invisible.
 d - the +6 ring mail of Impermeability (worn) {rF++ MR+ MP-9}
   (You found it on level 5 of the Vaults)

   It greatly protects you from fire.
   It affects your resistance to hostile enchantments.
   It affects your magic capacity (-9).
 U - a +2 pair of gloves of cold resistance (worn)
 W - a +2 pair of boots (worn)
 Y - the +0 helmet "Fucyt" (worn) {+Fly rElec rN++ MP+9 Str-3}
   (You found it on level 4 of the Depths)

   It affects your strength (-3).
   It insulates you from electricity.
   It greatly protects you from negative energy.
   It affects your magic capacity (+9).
   It lets you fly.
Jewellery
 o - the ring of Quutelomigo (right hand) {+Inv rElec rC+ rN+ Int-2 SInv}
   (You found it on level 2 of the Realm of Zot)

   [ring of protection from cold]

   It affects your intelligence (-2).
   It protects you from cold.
   It insulates you from electricity.
   It protects you from negative energy.
   It enhances your eyesight.
   It lets you turn invisible.
 A - an amulet of resist mutation (around neck)
 E - the ring of Trepidation {+Fly rElec rN+ Str+3 SInv}
   (You found it on level 3 of the Crypt)

   [ring of positive energy]

   It affects your strength (+3).
   It insulates you from electricity.
   It protects you from negative energy.
   It enhances your eyesight.
   It lets you fly.
 J - the macabre finger necklace {Ward rN+}
   (You took it off a deep elf demonologist on level 3 of the Elven Halls)

   [amulet of warding]

   It may prevent the melee attacks of summoned creatures.
   It protects you from negative energy.
 X - an uncursed amulet of resist corrosion
 Z - the ring "Nirrigar" (left hand) {SustAb rPois MR+ Str+2 Int-3}
   (You found it on level 6 of the Pits of Slime)

   [ring of sustain abilities]

   It sustains your strength, intelligence and dexterity.
   It affects your strength (+2).
   It affects your intelligence (-3).
   It protects you from poison.
   It affects your resistance to hostile enchantments.
Magical devices
 n - a wand of hasting (5)
 r - a wand of fire (12)
 B - a wand of digging (11)
 F - a wand of cold (8)
 K - a wand of disintegration (12)
 M - a wand of heal wounds (2)
 Q - a wand of teleportation (5)
 S - a wand of lightning (6)
Scrolls
 a - 2 scrolls of holy word
 b - 7 scrolls of fog
 j - 10 scrolls of identify
 m - 24 scrolls of teleportation
 p - 12 scrolls of blinking
 s - 25 scrolls of remove curse
 y - 5 scrolls of magic mapping
 I - 6 scrolls of enchant armour
 N - 7 scrolls of recharging
 R - 2 scrolls of silence
 V - 6 scrolls of summoning
Potions
 g - 18 potions of curing
 h - 9 potions of flight
 i - 15 potions of restore abilities
 q - 9 potions of might
 t - 12 potions of agility
 u - 13 potions of heal wounds
 v - 7 potions of ambrosia
 w - 5 potions of resistance
 x - a potion of cure mutation
 z - a potion of invisibility
 C - 2 potions of cancellation
 P - 10 potions of haste
Miscellaneous
 G - the horn of Geryon
 H - a fan of gales
 L - a lamp of fire
 O - a disc of storms
Comestibles
 f - 45 bread rations
 l - 42 fruits
 D - 33 meat rations


   Skills:
 - Level 20.2 Fighting
 - Level 21.0 Axes
 - Level 1.7 Throwing
 - Level 20.4 Armour
 - Level 20.4 Dodging
 - Level 12.9 Stealth
 - Level 12.4 Spellcasting
 + Level 14.6 Charms
 - Level 10.0 Necromancy
 - Level 10.1 Translocations
 - Level 3.6 Air Magic
 O Level 27 Invocations
 - Level 20.4 Evocations


You had 20 spell levels left.
You knew the following spells:

 Your Spells              Type           Power        Failure   Level  Hunger
a - Apportation           Tloc           ###.......   1%          1    None
b - Blink                 Tloc           N/A          1%          2    #......
c - Repel Missiles        Chrm/Air       ###...       1%          2    #......
d - Deflect Missiles      Chrm/Air       ###.......   69%         6    #######
e - Haste                 Chrm           ###.....     10%         6    #######
f - Iron Shot             Conj/Erth      #.........   100%        6    #######
g - Vampiric Draining     Necr           ###.......   1%          3    ###....
h - Animate Dead          Necr           N/A          2%          4    ####...


Dungeon Overview and Level Annotations

Branches:
Dungeon (15/15)            Temple (1/1) D:7            Lair (8/8) D:10
  Swamp (5/5) Lair:4       Spider (5/5) Lair:5        Slime (6/6) Lair:8
    Orc (4/4) D:9             Elf (3/3) Orc:4        Vaults (5/5) D:14
  Crypt (3/3) Vaults:3       Tomb (1/3) Crypt:3      Depths (5/5) D:15
   Hell (1/1)                 Dis (1/7) Hell            Geh (1/7) Hell
    Coc (1/7) Hell            Tar (1/7) Hell            Zot (5/5) Depths:5

Altars:
Ashenzari
Cheibriados
Dithmenos
Elyvilon
Fedhas
Gozag
Kikubaaqudgha
Makhleb
Nemelex Xobeh
Okawaru
Qazlal
Ru
Sif Muna
Trog
Vehumet
Xom
Yredelemnul
Zin
The Shining One
Beogh
Jiyva

Shops:
D:10 }   Orc:1 (   Orc:3 (   Orc:4 *%*!!?   Elf:2 **   Vaults:2 *   Vaults:4 *

Portals:
Hell: Lair:8 Depths:1 Depths:2 Depths:3 Depths:4 Depths:5
Abyss: Depths:1 Depths:2 Depths:4 Depths:5
Pandemonium: Depths:3
Ziggurat: Depths:4


Innate Abilities, Weirdness & Mutations

You are resistant to damage.
You can recharge devices by infusing magical energy.
You resist negative energy.
You passively map a large area around you.
You do not heal naturally.
You are partially covered in molten scales (AC +1).


Message History

The Killer Klown dies!
The fireball engulfs the orb of fire.
The orb of fire completely resists.
The fireball engulfs the orb of fire.
The orb of fire completely resists.
The fireball engulfs you! You resist.
* * * LOW HITPOINT WARNING * * *
The fireball engulfs the white draconian.
The fireball engulfs the orb of fire.
The orb of fire completely resists.
The electric golem hurls lightning at you.
The bolt of lightning hits the orb of fire.
The orb of fire completely resists.
The bolt of lightning misses you. The bolt of lightning hits you! You resist.
* * * LOW HITPOINT WARNING * * *
The bolt of lightning misses the orb of fire.
The bolt of lightning hits the electric golem.
The electric golem completely resists.
The moth of wrath completely misses you.
The Orb Guardian hits you but does no damage.
The orb of fire glows yellow.
The bolt of fire hits you! You resist.
You die...

▓# #▓▓▓▓▓▓▓▓▓▓***,, ▓
▓▓▓▓.....,,,,,, ▓##
##▓.........,,,,, ..##
##............,,,, ...# ▓▓▓▓▓▓▓▓▓
#..............,,,
...▓▓▓.......▓▓▓..............,,,
...▓▓.........▓▓*d8...........,,,
...▓...........▓.*X............,,
.........0......@*y............,,
..[▓......^....▓Xy.............,,
...▓▓.........▓▓.....^.....}..,,,
...▓▓▓.......▓▓▓..............,,,
...▓ ▓▓▓▓▓▓▓▓▓ ▓..............,,,
..▓▓ ▓▓............,,,, ▓▓▓
▓▓▓.........,,,,, ▓
▓▓▓▓.....,,,,,, ▓▓▓*********


You could see 3 orbs of fire, an electric golem, a tentacled monstrosity, a
white draconian (berserk), an Orb Guardian and 2 moths of wrath.

Vanquished Creatures
  the royal jelly (Slime:6)
  6 orbs of fire
  5 ancient liches
  A greater mummy (WizLab)
  Boris (Vaults:2)
  A shard shrike (Zot:2)
  Margery (Crypt:1)
  Norris (Depths:1)
  Saint Roka (Depths:3)
  A curse toe (Zot:4)
  Mennas (Vaults:3)
  A Killer Klown (Zot:5)
  Geryon (Hell)
  7 golden dragons
  Jory (Vaults:4)
  6 bone dragons
  Arachne (Spider:4)
  Nikola (Elf:1)
  4 electric golems
  A Hell Sentinel (Abyss:3)
  A shard shrike skeleton (Crypt:2)
  20 Orb Guardians (Zot:5)
  16 tentacled monstrosities
  11 liches
  10 titans
  A Shadow Fiend (Crypt:3)
  2 quicksilver dragons
  5 deep elf blademasters
  2 deep elf master archers (Elf:3)
  16 acid blobs
  The ghost of Leybi the Tortoise, a mighty MiFi of Okawaru (Spider:5)
  5 tentacled starspawn
  3 sphinxes
  Murray (Hell)
  2 octopode crushers (Depths:3)
  An Executioner (Elf:3)
  3 ancient champions
  Rupert (Lair:3)
  Agnes (Vaults:3)
  15 storm dragons
  Kirke (D:15)
  8 draconian monks
  2 thorn hunters
  8 shadow dragons
  9 tengu reavers
  6 revenants
  8 azure jellies
  Donald (Orc:4)
  Wiglaf (Depths:3)
  A daeva (Abyss:3)
  19 frost giants
  2 iron dragons
  14 fire giants
  A draconian knight (Zot:3)
  6 ghost moths
  10 deep elf sorcerers
  2 orc warlords
  4 draconian scorchers
  12 emperor scorpions
  8 vault wardens
  2 curse skulls
  2 cacodemons
  5 balrugs
  9 ghouls (Crypt:2)
  10 draconian zealots
  Jorgrun (Spider:2)
  6 draconian annihilators
  20 stone giants
  4 draconian shifters
  7 war gargoyles
  20 ironheart preservers
  4 spriggan defenders
  6 reapers
  4 very ugly things
  3 draconian callers
  9 vampire knights
  6 grey draconians
  2 salamander firebrands (Hell)
  8 green draconians
  12 deep elf demonologists
  8 purple draconians
  10 red draconians
  5 pale draconians
  6 yellow draconians
  A lorocyproca (Crypt:2)
  6 dire elephants
  4 black draconians
  5 mottled draconians
  13 deep elf annihilators
  9 white draconians
  24 large abominations
  Snorg (Orc:3)
  9 deep elf death magi
  4 eidola
  20 ettins
  A green death (Crypt:2)
  6 death oozes (Slime:6)
  3 mummy priests
  3 minotaurs
  18 yaktaur captains
  4 blizzard demons
  12 jiangshi
  36 vault guards
  A quicksilver dragon zombie (Crypt:3)
  4 deep elf high priests
  8 great orbs of eyes
  16 fire dragons
  8 death cobs
  18 hydras
  13 ogre magi
  A quicksilver dragon skeleton (Crypt:3)
  13 ice dragons
  13 hell beasts (Hell)
  3 naga warriors (Depths:3)
  3 rakshasas
  A ghost crab (Swamp:4)
  Nessos (Elf:1)
  16 centaur warriors
  14 dancing weapons (Elf:2)
  13 deep troll earth magi
  7 alligators
  16 deep troll shamans
  8 vampire magi
  19 thrashing horrors
  23 death yaks
  2 spriggan air magi
  An alligator (shapeshifter) (Vaults:5)
  6 tengu warriors
  A hell hog (Hell)
  A titan zombie (Crypt:3)
  6 orc high priests
  Urug (Elf:1)
  7 sun demons
  4 spriggan berserkers
  4 soul eaters
  3 storm dragon zombies
  17 small abominations
  2 iron golems (Hell)
  9 iron trolls
  3 fire crabs (Vaults:2)
  4 wretched stars (Abyss:3)
  A storm dragon skeleton (Vaults:3)
  A fire crab (shapeshifter) (Vaults:3)
  A death scarab (WizLab)
  25 skeletal warriors
  A kraken simulacrum (Hell)
  9 shadow wraiths
  3 death drakes (Zot:1)
  3 spatial maelstroms
  A spectral anaconda (Swamp:4)
  17 hell knights
  28 deep elf knights
  12 ice devils
  4 unseen horrors
  A spriggan druid (Swamp:5)
  5 wizards
  A spectral hydra (Swamp:4)
  3 giant orange brains
  3 salamander mystics (Depths:3)
  10 flayed ghosts
  An anaconda zombie (Hell)
  18 starcursed masses
  10 swamp dragons
  A golden dragon skeleton (Crypt:3)
  2 ice statues (IceCv)
  A shadow dragon zombie (Hell)
  70 deep trolls
  9 deep elf summoners
  2 obsidian statues
  12 necromancers
  An ugly thing zombie (Vaults:4)
  10 ironbrand convokers
  The ghost of Hedron the Scholar of Death, an experienced OpNe of Kikubaaqudgha (D:7)
  A harpy (shapeshifter) (Depths:2)
  A shambling mangrove (Swamp:5)
  4 harpies
  An anaconda skeleton (Hell)
  26 deep elf conjurers
  2 lindwurms (Lair:8)
  A hornet (shapeshifter) (Vaults:3)
  12 orb spiders
  A sphinx zombie (WizLab)
  3 wolf spider zombies
  24 wolf spiders
  8 hill giants
  19 orc knights
  2 manticores (shapeshifter)
  21 phantasmal warriors
  5 fire giant zombies
  7 salamanders (Depths:3)
  2 frost giant zombies
  11 hornets
  4 orc sorcerers
  A shadow dragon skeleton (Crypt:3)
  A shining eye (shapeshifter) (Vaults:5)
  37 ugly things
  4 draconian zombies
  3 stone giant zombies
  5 elephants
  5 cyclopes
  9 griffons
  2 manticores
  11 shining eyes
  4 worldbinders (Abyss:3)
  6 sixfirhies
  A draconian (shapeshifter) (Depths:4)
  2 guardian serpents (shapeshifter)
  A salamander (shapeshifter) (Vaults:4)
  8 fire giant skeletons (Crypt:3)
  14 vault sentinels
  2 black mambas (shapeshifter)
  4 dire elephant zombies
  A frost giant skeleton (Vaults:2)
  A centaur zombie (D:15)
  3 torpor snails
  3 orange demons
  2 demonspawn zombies (WizLab)
  2 black mambas
  2 eyes of devastation
  7 guardian serpents
  13 moths of wrath
  6 smoke demons
  18 spiny frogs
  A mottled draconian zombie (Zot:5)
  A spiny frog (shapeshifter) (Vaults:2)
  3 kobold demonologists (Vaults:1)
  13 rust devils
  A queen ant (Lair:3)
  Psyche (D:13)
  3 yaktaur zombies
  A grey draconian zombie (Zot:5)
  4 spectral swamp worms (Depths:2)
  A black draconian zombie (Zot:4)
  5 gargoyles
  2 anaconda simulacra (Hell)
  3 komodo dragons
  3 hellions
  2 deathcaps (Zot:4)
  9 ancient zymes
  2 efreet
  A hydra zombie (Hell)
  A guardian mummy (WizLab)
  16 trolls
  28 demonic crawlers
  8 red devils
  5 tengu conjurers
  A harpy zombie (Crypt:2)
  2 yaktaur skeletons
  5 hellwings
  A wind drake (Zot:1)
  33 deep elf priests
  A burning bush (Zot:4)
  50 yaktaurs
  3 wandering mushrooms
  A queen bee (shapeshifter) (Vaults:1)
  3 tormentors
  6 fire drakes
  11 freezing wraiths
  26 jumping spiders
  7 silent spectres
  21 ravens
  A polar bear (shapeshifter) (Vaults:4)
  3 polar bears
  9 raiju
  9 boulder beetles
  A raiju (shapeshifter) (Vaults:3)
  22 two-headed ogres
  A harpy skeleton (D:15)
  A deep troll zombie (Hell)
  6 giant leeches
  12 baby alligators
  22 blink frogs
  101 slime creatures
  A hornet zombie (D:15)
  20 blue devils
  2 ravens (shapeshifter)
  4 basilisks
  14 bog bodies
  A fire dragon zombie (Hell)
  A blink frog (shapeshifter) (D:14)
  3 spriggan zombies (WizLab)
  A griffon zombie (Crypt:2)
  A minotaur skeleton (Crypt:1)
  4 shadows
  13 flying skulls
  2 hydra skeletons (Crypt:3)
  2 frost giant simulacra
  A basilisk (shapeshifter) (Depths:5)
  An alligator skeleton (Hell)
  22 trapdoor spiders
  21 tarantellas
  2 centaur simulacra (D:15)
  The ghost of kae the Conjurer, an average TeFE (Sewer)
  5 air elementals
  2 redbacks (shapeshifter)
  5 spriggans
  2 ettin skeletons
  2 ice dragon skeletons (Crypt:3)
  4 wyverns
  51 deep elf magi
  9 fire dragon skeletons (Crypt:3)
  A water elemental (Hell)
  9 vampires
  4 ynoxinuls
  2 golden eyes (shapeshifter)
  3 chaos spawn (Abyss:3)
  30 redbacks
  11 hungry ghosts
  A yak (shapeshifter) (Depths:1)
  A yaktaur simulacrum (Vaults:1)
  6 fire elementals (Hell)
  10 neqoxecs
  51 yaks
  16 wraiths
  A fire bat (Abyss:3)
  46 deep elf fighters
  2 golden eyes (Slime:6)
  A steam dragon (D:11)
  2 hogs (D:15)
  15 hippogriffs
  A naga (Abyss:3)
  5 soldier ants (Lair:3)
  41 vampire mosquitoes
  4 spatial vortices (Abyss:2)
  A soldier ant (shapeshifter) (D:14)
  A monstrous demonspawn zombie (Crypt:2)
  23 wolves
  6 human zombies
  An infernal demonspawn zombie (Crypt:2)
  2 tengu zombies (WizLab)
  4 mottled dragons
  28 swamp worms
  46 orc warriors
  15 insubstantial wisps
  22 water moccasins
  10 wargs
  A hell hound (Hell)
  2 hydra simulacra (Zot:2)
  11 spiders
  11 ice beasts
  2 phantoms
  5 sky beasts
  2 spiny frog zombies (Hell)
  Purgy (Sewer)
  An elephant zombie (Lair:6)
  13 swamp drakes
  An eye of draining (shapeshifter) (D:15)
  14 porcupines
  6 eyes of draining
  58 ogres
  2 black bears
  2 elf zombies
  11 wasps
  7 necrophages
  A crocodile (shapeshifter) (Elf:2)
  30 centaurs
  An anubis guard skeleton (Crypt:2)
  16 boggarts
  Sigmund (D:6)
  Duvessa (D:7)
  5 big kobolds
  16 crocodiles
  A brain worm (Lair:5)
  A lost soul (Crypt:3)
  17 giant frogs
  A fire drake skeleton (Crypt:1)
  A cyclops zombie (Crypt:1)
  Blork the orc (D:4)
  2 komodo dragon zombies (Lair:6)
  A water moccasin zombie (Ossuary)
  An earth elemental (Abyss:3)
  2 human skeletons
  A spiny frog simulacrum (Hell)
  9 scorpions
  A cyclops skeleton (Crypt:1)
  10 killer bees
  3 oklob saplings (Zot:4)
  11 wights
  8 crimson imps
  A goliath beetle (D:8)
  Dowan (D:7)
  4 iron imps
  5 electric eels
  31 orc priests
  3 quasits
  A wasp zombie (D:10)
  A giant frog zombie (D:5)
  20 jellies
  Crazy Yiuf (D:3)
  7 centaur skeletons
  2 giant frog skeletons
  A demonspawn skeleton (Crypt:2)
  9 hounds
  14 worker ants
  3 hell rats (Elf:2)
  A spectral swamp drake (Swamp:4)
  7 iguanas
  3 lightning spires (Zot:4)
  28 orc wizards
  5 big kobold zombies (Ossuary)
  A crocodile zombie (Lair:6)
  A killer bee zombie (D:9)
  11 sheep
  A hound skeleton (Crypt:2)
  6 mummies
  A spectral sheep (Swamp:4)
  A worker ant zombie (D:9)
  Robin (D:3)
  26 adders
  7 gnolls
  55 river rats
  A scorpion zombie (Crypt:1)
  11 shadow imps
  11 white imps
  2 giant mites
  A worm (D:2)
  15 ufetubi
  3 adder skeletons
  6 adder zombies
  A lava snake zombie (Crypt:2)
  7 giant geckos
  180 orcs
  4 ball pythons
  2 bat skeletons
  A bat zombie (D:7)
  6 giant cockroaches
  A giant mite zombie (Crypt:2)
  A gnoll zombie (Ossuary)
  26 hobgoblins
  2 jackals (D:6)
  29 kobolds
  11 quokkas
  10 bats
  5 giant newts
  2 giant spores
  28 goblins
  4 hobgoblin zombies (Ossuary)
  3 kobold zombies (Ossuary)
  8 orc zombies
  A quokka zombie (D:5)
  7 rats
  4 ballistomycetes
  5 briar patches (Swamp:2)
  3 bushes
  2 crawling corpses
  19 fungi
  27 plants
  6 starspawn tentacles
  A tentacle (Hell)
3620 creatures vanquished.

Vanquished Creatures (collateral kills)
  A tentacled monstrosity (Zot:5)
  2 Orb Guardians (Zot:5)
  A storm dragon (Zot:4)
  A shadow dragon (Zot:4)
  A draconian zealot (Zot:5)
  A draconian shifter (Zot:5)
  A pale draconian (Zot:5)
  The ghost of Woebin the Nimble, a powerful DsGl of Okawaru (Lair:3)
  A hydra (Lair:6)
  A death scarab (WizLab)
  A deathcap (Zot:4)
  A deep troll (Orc:4)
  An orange demon (Lair:8)
  A burning bush (Zot:4)
  2 wandering mushrooms (Zot:4)
  A troll (Orc:4)
  A blue devil (Lair:8)
  A two-headed ogre (Orc:4)
  3 centaurs (Lair:4)
  An oklob sapling (Zot:4)
  A shadow imp (Zot:4)
25 creatures vanquished.

Vanquished Creatures (others)
  A Killer Klown (Zot:5)
  2 eldritch tentacles (Crypt:2)
  A storm dragon (Zot:5)
  A cacodemon (Orc:4)
  A draconian zealot (Zot:1)
  2 grey draconians
  A white draconian (Zot:5)
  A mottled draconian (Zot:5)
  A blizzard demon (WizLab)
  A deep elf high priest (Elf:1)
  A deep elf knight (Elf:2)
  A wizard (D:15)
  A draconian zombie (Zot:4)
  2 rust devils
  A draconian skeleton (Zot:5)
  A red draconian zombie (Zot:5)
  A white draconian zombie (Zot:5)
  A mottled draconian zombie (Zot:5)
  A spectral swamp worm (Depths:2)
  A tengu conjurer (Depths:2)
  A deep elf priest (Elf:1)
  2 fire drakes
  A fire dragon zombie (Zot:4)
  A deep elf mage (Depths:2)
  A human (D:15)
  A spatial vortex (Abyss:2)
  3 deep elf fighters (Elf:3)
  2 swamp drakes (Zot:1)
  15 lost souls
  A quasit (Abyss:3)
  An orc wizard (Orc:3)
  2 white imps
  3 ufetubi
  A briar patch (Swamp:2)
  134 eldritch tentacle segments (Crypt:2)
  5 fungi
  4 starspawn tentacles (Abyss:3)
  140 starspawn tentacle segments
  3 tentacles (Hell)
  133 tentacle segments (Hell)
477 creatures vanquished.

Grand Total: 4122 creatures vanquished

Notes
Turn   | Place    | Note
--------------------------------------------------------------
     0 | D:1      | Hedron, the Deep Dwarf Gladiator, began the quest for the Orb.
     0 | D:1      | Reached XP level 1. HP: 19/19 MP: 1/1
   172 | D:1      | Reached XP level 2. HP: 20/26 MP: 2/2
   182 | D:1      | Reached skill level 4 in Axes
   502 | D:2      | Reached XP level 3. HP: 24/32 MP: 3/3
   726 | D:2      | Found a white marble altar of Elyvilon.
   757 | D:2      | Reached skill level 5 in Axes
   862 | D:2      | Reached XP level 4. HP: 24/39 MP: 4/4
  1232 | D:2      | Found a shimmering altar of Xom.
  1457 | D:3      | Found a glowing drain.
  1494 | Sewer    | Entered a sewer
  1501 | Sewer    | Reached skill level 6 in Axes
  1517 | Sewer    | Noticed Purgy
  1523 | Sewer    | Killed Purgy
  1523 | Sewer    | Reached XP level 5. HP: 45/45 MP: 5/5
  1534 | Sewer    | Noticed kae's ghost (average TeFE)
  1552 | Sewer    | Killed kae's ghost
  1552 | Sewer    | Reached skill level 7 in Axes
  1552 | Sewer    | Reached XP level 6. HP: 25/52 MP: 6/6
  1561 | Sewer    | Reached skill level 8 in Axes
  1849 | D:3      | Noticed Robin
  1865 | D:3      | Killed Robin
  2160 | D:3      | Noticed Crazy Yiuf
  2169 | D:3      | Killed Crazy Yiuf
  2227 | D:3      | Reached XP level 7. HP: 37/58 MP: 7/7
  2322 | D:4      | Reached skill level 9 in Axes
  3013 | D:4      | Reached skill level 10 in Axes
  3037 | D:4      | Noticed Blork the orc
  3048 | D:4      | Killed Blork the orc
  3123 | D:5      | Entered Level 5 of the Dungeon
  3143 | D:5      | Found a sand-covered staircase.
  3151 | Ossuary  | Entered an ossuary
  3213 | Ossuary  | Reached XP level 8. HP: 40/66 MP: 8/8
  3355 | D:5      | Found a blossoming altar of Fedhas.
  3385 | D:5      | Reached skill level 11 in Axes
  3455 | D:5      | Found a glowing silver altar of Zin.
  3790 | D:5      | Reached skill level 12 in Axes
  3804 | D:5      | Found a burning altar of Makhleb.
  3820 | D:5      | Became a worshipper of Makhleb the Destroyer
  4193 | D:6      | Noticed Sigmund
  4209 | D:6      | Killed Sigmund
  4209 | D:6      | Reached skill level 5 in Invocations
  4331 | D:6      | Gained mutation: You passively map the area around you. [level up]
  4331 | D:6      | Reached XP level 9. HP: 37/73 MP: 15/17
  4408 | D:6      | Got a slimy steel amulet
  4409 | D:6      | Identified the amulet "Benwom" {-Cast Regen+ Str+2 Int+4 Dex+6} (You found it on level 6 of the Dungeon)
  4734 | D:6      | Acquired Makhleb's first power
  4904 | D:7      | Found a staircase to the Ecumenical Temple.
  4915 | Temple   | Entered the Ecumenical Temple
  5159 | D:7      | Noticed Duvessa
  5160 | D:7      | Noticed Dowan
  5199 | D:7      | Killed Duvessa
  5211 | D:7      | Killed Dowan
  5266 | D:7      | Noticed Hedron's ghost (experienced OpNe)
  5279 | D:7      | Killed Hedron's ghost
  5279 | D:7      | Reached skill level 10 in Invocations
  5350 | D:7      | Acquired Makhleb's second power
  5704 | D:8      | Reached XP level 10. HP: 75/80 MP: 25/25
  5917 | D:8      | Found an ancient bone altar of Kikubaaqudgha.
  5918 | D:8      | Found a snail-covered altar of Cheibriados.
  5918 | D:8      | Found a stormy altar of Qazlal.
  5918 | D:8      | Found a shadowy altar of Dithmenos.
  5918 | D:8      | Found a deep blue altar of Sif Muna.
  6131 | D:8      | Reached skill level 1 in Armour
  6571 | D:9      | Acquired Makhleb's third power
  6708 | D:9      | Found a staircase to the Orcish Mines.
  6793 | D:9      | Reached skill level 5 in Armour
  7001 | D:10     | Entered Level 10 of the Dungeon
  7079 | D:10     | Acquired Makhleb's fourth power
  7108 | D:10     | Found Sugivut's Gadget Emporium.
  7265 | D:10     | Found a staircase to the Lair.
  7298 | Lair:1   | Entered Level 1 of the Lair of Beasts
  7341 | D:10     | Killed an unseen horror
  7762 | Lair:3   | Reached XP level 11. HP: 55/86 MP: 26/26
  7937 | Lair:5   | Reached skill level 10 in Armour
  7958 | Lair:5   | Acquired Makhleb's fifth power
  8101 | Lair:6   | Noticed a five-headed hydra
  8105 | Lair:6   | Killed a five-headed hydra
  8169 | Lair:8   | Entered Level 8 of the Lair of Beasts
  8228 | Lair:6   | Noticed a six-headed hydra
  8239 | Lair:6   | Killed a seven-headed hydra
  8531 | Lair:1   | Noticed an eight-headed hydra
  8539 | Lair:1   | Killed an eight-headed hydra
  9938 | Lair:2   | Reached skill level 5 in Dodging
 10212 | Lair:3   | Noticed Woebin's ghost (powerful DsGl)
 10231 | Lair:3   | Killed Woebin's ghost
 10540 | Lair:3   | Noticed Rupert
 10554 | Lair:3   | Killed Rupert
 10554 | Lair:3   | Reached XP level 12. HP: 59/93 MP: 27/27
 10716 | Lair:3   | Reached skill level 10 in Dodging
 10981 | Lair:4   | Found a staircase to the Swamp.
 11366 | Lair:4   | Found a burning altar of Makhleb.
 11742 | Lair:5   | Found a hole to the Spider Nest.
 11751 | Spider:1 | Entered Level 1 of the Spider Nest
 11803 | Swamp:1  | Entered Level 1 of the Swamp
 12180 | Lair:5   | Got a distressingly furry scale mail
 12191 | Lair:5   | Identified the +4 scale mail of Greed {rF+ MP+9 Int+4 Dex-2} (You found it on level 5 of the Lair of Beasts)
 12317 | Lair:5   | Reached skill level 5 in Fighting
 12742 | Lair:6   | Noticed a necromancer
 12751 | Lair:6   | Killed a necromancer
 13166 | Lair:6   | Reached XP level 13. HP: 112/112 MP: 28/28
 14498 | Lair:8   | Found a staircase to the Slime Pits.
 14499 | Lair:8   | Found a viscous altar of Jiyva.
 14592 | Lair:8   | Noticed a lindwurm
 14599 | Lair:8   | Killed a lindwurm
 14633 | Lair:8   | Noticed a death yak
 14634 | Lair:8   | Noticed a death yak
 14634 | Lair:8   | Noticed a death yak
 14635 | Lair:8   | Noticed a death yak
 14635 | Lair:8   | Noticed a death yak
 14635 | Lair:8   | Noticed a death yak
 14640 | Lair:8   | Noticed a death yak
 14644 | Lair:8   | Killed a death yak
 14644 | Lair:8   | Reached skill level 10 in Fighting
 14645 | Lair:8   | Killed a death yak
 14648 | Lair:8   | Killed a death yak
 14650 | Lair:8   | Killed a death yak
 14652 | Lair:8   | Killed a death yak
 14652 | Lair:8   | Killed a death yak
 14655 | Lair:8   | Killed a death yak
 14666 | Lair:8   | Noticed a death yak
 14666 | Lair:8   | Noticed a death yak
 14667 | Lair:8   | Noticed a death yak
 14668 | Lair:8   | Noticed a death yak
 14668 | Lair:8   | Noticed a death yak
 14674 | Lair:8   | Killed a death yak
 14675 | Lair:8   | Killed a death yak
 14679 | Lair:8   | Killed a death yak
 14679 | Lair:8   | Killed a death yak
 14689 | Lair:8   | Killed a death yak
 14806 | Lair:8   | Gained mutation: You resist negative energy. [level up]
 14806 | Lair:8   | Reached XP level 14. HP: 136/136 MP: 29/29
 14856 | Lair:8   | Noticed a dire elephant
 14865 | Lair:8   | Killed a dire elephant
 14877 | Lair:8   | Noticed a death yak
 14887 | Lair:8   | Killed a death yak
 14963 | Lair:8   | Noticed a lindwurm
 14970 | Lair:8   | Killed a lindwurm
 15061 | Lair:8   | Reached skill level 5 in Evocations
 15098 | Lair:8   | Noticed a dire elephant
 15106 | Lair:8   | Killed a dire elephant
 15135 | Lair:8   | Noticed a wizard
 15138 | Lair:8   | Killed a wizard
 15164 | Lair:8   | Found a burning altar of Makhleb.
 15430 | Lair:8   | Found a gateway to Hell.
 15725 | Orc:1    | Entered Level 1 of the Orcish Mines
 16038 | Orc:1    | Found Javuteej's Antique Weapon Shoppe.
 16310 | Orc:2    | Reached skill level 10 in Evocations
 16311 | Orc:2    | Found a roughly hewn altar of Beogh.
 16698 | Orc:3    | Found an iron altar of Okawaru.
 16771 | Orc:3    | Found Tooromiwn's Weapon Shoppe.
 16777 | Orc:3    | Bought a +2 battleaxe of flaming for 331 gold pieces
 16903 | Orc:3    | Noticed an orc warlord
 16921 | Orc:3    | Killed an orc warlord
 17045 | Orc:3    | Found a roughly hewn altar of Beogh.
 17235 | Orc:3    | Noticed Snorg
 17242 | Orc:3    | Killed Snorg
 17408 | Orc:4    | Entered Level 4 of the Orcish Mines
 17497 | Orc:4    | Found Geosoewk's Distillery.
 17513 | Orc:4    | Bought a potion of resistance for 130 gold pieces
 17513 | Orc:4    | Bought a potion of haste for 130 gold pieces
 17513 | Orc:4    | Bought a potion of heal wounds for 65 gold pieces
 17513 | Orc:4    | Bought a potion of haste for 130 gold pieces
 17520 | Orc:4    | Found a staircase to the Elven Halls.
 17523 | Orc:4    | Found Kafof's Magic Scroll Shop.
 17609 | Orc:4    | Found Plamnuit's General Store.
 17619 | Orc:4    | Noticed Donald
 17624 | Orc:4    | Reached skill level 13 in Axes
 17645 | Orc:4    | Killed Donald
 17672 | Orc:4    | Found Araluatt's Food Boutique.
 17675 | Orc:4    | Found Xawkejia's Assorted Antiques.
 17685 | Orc:4    | Found Khuwuenk's Distillery.
 17695 | Orc:4    | Bought a potion of haste for 130 gold pieces
 17695 | Orc:4    | Bought a potion of cure mutation for 455 gold pieces
 17695 | Orc:4    | Bought a potion of heal wounds for 65 gold pieces
 17695 | Orc:4    | Bought a potion of haste for 130 gold pieces
 18189 | D:11     | Reached XP level 15. HP: 118/144 MP: 30/30
 18199 | D:11     | Reached skill level 14 in Axes
 18830 | D:12     | Upgraded the game from 0.16.0-12-g7215832 to 0.16.0-16-g311141a
 19664 | D:13     | Reached skill level 15 in Axes
 19677 | D:13     | Noticed Psyche
 19683 | D:13     | Killed Psyche
 19772 | D:14     | Reached skill level 16 in Axes
 19871 | D:14     | Found a gate to the Vaults.
 19905 | D:14     | Found a blossoming altar of Fedhas.
 20198 | D:15     | Entered Level 15 of the Dungeon
 20334 | D:15     | Reached skill level 17 in Axes
 20502 | D:15     | Got a twitching brass ring
 20504 | D:15     | Identified the ring "Kiuluiba" {rPois rF+} (You found it on level 15 of the Dungeon)
 20515 | D:15     | Found a stormy altar of Qazlal.
 20552 | D:15     | Reached XP level 16. HP: 152/152 MP: 31/31
 20605 | D:15     | Reached skill level 18 in Axes
 20622 | D:15     | Got a clouded glass ring
 20623 | D:15     | Identified the ring of Cakhu {+/*Tele Int+3 Dex+3} (You found it on level 15 of the Dungeon)
 20634 | D:15     | Found a deep blue altar of Sif Muna.
 20715 | D:15     | Noticed Kirke
 20720 | D:15     | Killed Kirke
 20735 | D:15     | Got a crude tin ring
 20738 | D:15     | Identified the ring "Smidacluo" {Wiz Str+4 Int+3 Dex-5 Slay+3} (You found it on level 15 of the Dungeon)
 20747 | D:15     | Found an ancient bone altar of Kikubaaqudgha.
 20964 | D:15     | Found a staircase to the Depths.
 20988 | D:15     | Reached skill level 19 in Axes
 22582 | Swamp:3  | Reached skill level 20 in Axes
 23867 | Swamp:5  | Entered Level 5 of the Swamp
 23945 | Swamp:5  | Reached XP level 17. HP: 82/159 MP: 31/31
 24084 | Swamp:5  | Reached skill level 21 in Axes
 24573 | Swamp:5  | Got a decaying rune of Zot
 24898 | Spider:1 | Reached skill level 15 in Invocations
 25711 | Spider:2 | Noticed Jorgrun
 25721 | Spider:2 | Killed Jorgrun
 27161 | Spider:4 | Found a frozen archway.
 27174 | IceCv    | Entered an ice cave
 27684 | Spider:4 | Noticed Arachne
 27708 | Spider:4 | Killed Arachne
 27764 | Spider:4 | Gained mutation: You passively map a large area around you. [level up]
 27764 | Spider:4 | Reached XP level 18. HP: 168/168 MP: 36/36
 28279 | Spider:5 | Entered Level 5 of the Spider Nest
 28288 | Spider:5 | Noticed Leybi's ghost (mighty MiFi)
 28296 | Spider:5 | Killed Leybi's ghost
 29135 | Spider:5 | Got a gossamer rune of Zot
 29889 | Vaults:1 | Entered Level 1 of the Vaults
 31153 | Vaults:2 | Reached XP level 19. HP: 175/175 MP: 38/38
 31218 | Vaults:2 | Found Esaasa's General Store.
 31235 | Vaults:2 | Bought a potion of heal wounds for 70 gold pieces
 31936 | Vaults:2 | Reached skill level 15 in Armour
 32032 | Vaults:2 | Noticed Boris
 32048 | Vaults:2 | Killed Boris
 32713 | Vaults:3 | Found a staircase to the Crypt.
 32812 | Vaults:3 | Noticed Mennas
 32872 | Vaults:3 | Killed Mennas
 33184 | Vaults:3 | Noticed Agnes
 33196 | Vaults:3 | Killed Agnes
 33383 | Vaults:3 | Reached XP level 20. HP: 183/183 MP: 39/39
 33818 | Vaults:4 | Noticed Jory
 33831 | Vaults:4 | Killed Jory
 34086 | Vaults:4 | Identified the Disquisition on the Frostbite
 34314 | Vaults:4 | Found Eloadufav's General Store.
 34391 | Vaults:4 | Bought a potion of haste for 160 gold pieces
 34391 | Vaults:4 | Bought 2 potions of heal wounds for 160 gold pieces
 35327 | Depths:1 | Entered Level 1 of the Depths
 35401 | Depths:1 | Found a one-way gate to the infinite horrors of the Abyss.
 35528 | Depths:1 | Noticed Norris
 35544 | Depths:1 | Killed Norris
 35685 | Depths:1 | Reached XP level 21. HP: 190/190 MP: 39/39
 35848 | Depths:1 | Found a runed door.
 36136 | Depths:1 | Reached skill level 15 in Dodging
 36314 | Depths:2 | Found a magical portal.
 36324 | WizLab   | Entered Doroklohe's Tomb
 36563 | WizLab   | Noticed a greater mummy
 36591 | WizLab   | Killed a greater mummy
 36668 | WizLab   | Got a pitted cloak
 36669 | WizLab   | Identified the cursed -5 cloak "Bugygg" {rPois rF+ rC+ MP+9 Str-4} (You found it in a wizard's laboratory)
 36676 | WizLab   | Got a polished cloak
 36677 | WizLab   | Identified the +1 cloak of Leaves {+Inv MR+} (You found it in a wizard's laboratory)
 36750 | WizLab   | Got an ichor-stained ring mail
 36751 | WizLab   | Identified the cursed -4 ring mail of Ojurudil {rPois rF+ rCorr} (You found it in a wizard's laboratory)
 37869 | Depths:3 | Noticed Saint Roka
 37895 | Depths:3 | Killed Saint Roka
 38096 | Depths:3 | Reached XP level 22. HP: 183/198 MP: 40/40
 38171 | Depths:3 | Found a one-way gate leading to the halls of Pandemonium.
 38519 | Depths:3 | Identified a scroll of acquirement
 38724 | Depths:3 | Noticed Wiglaf
 38739 | Depths:3 | Killed Wiglaf
 39618 | Depths:4 | Found a gateway to a ziggurat.
 40110 | Depths:4 | Reached XP level 23. HP: 214/214 MP: 41/41
 40137 | Depths:4 | Reached skill level 15 in Fighting
 40471 | Depths:4 | Got a slimy helmet
 40482 | Depths:4 | Identified the +0 helmet "Fucyt" {+Fly rElec rN++ MP+9 Str-3} (You found it on level 4 of the Depths)
 40661 | Depths:4 | Got a translucent chain mail
 40689 | Depths:4 | Identified the cursed -3 chain mail "Deceorch" {MP+9 Stlth+} (You found it on level 4 of the Depths)
 40868 | Depths:5 | Entered Level 5 of the Depths
 41722 | Depths:5 | Found a gate to the Realm of Zot.
 41840 | Depths:5 | Upgraded the game from 0.16.0-16-g311141a to 0.16.0-17-g811c1d7
 42251 | Vaults:5 | Entered Level 5 of the Vaults
 42409 | Vaults:5 | Noticed an ancient lich
 42433 | Vaults:5 | Killed an ancient lich
 42521 | Vaults:5 | Reached XP level 24. HP: 187/238 MP: 41/41
 43004 | Vaults:5 | Gained mutation: Your body is slowly deteriorating. [a shining eye]
 43005 | Vaults:5 | Gained mutation: Your spells are a little easier to cast, but a little less powerful. [a shining eye]
 43008 | Vaults:5 | Lost mutation: Your body is slowly deteriorating. [potion of cure mutation]
 43008 | Vaults:5 | Lost mutation: Your spells are a little easier to cast, but a little less powerful. [potion of cure mutation]
 43041 | Vaults:5 | Identified the Volume of Torrid Confrontation
 43063 | Vaults:5 | Got a bloodstained ring mail
 43064 | Vaults:5 | Identified the +6 ring mail of Impermeability {rF++ MR+ MP-9} (You found it on level 5 of the Vaults)
 43078 | Vaults:5 | Got a silver rune of Zot
 43811 | Crypt:1  | Entered Level 1 of the Crypt
 44133 | Crypt:1  | Noticed Margery
 44140 | Crypt:1  | Killed Margery
 44757 | Crypt:2  | Reached skill level 15 in Evocations
 44780 | Crypt:2  | Found a huge runed gate.
 44780 | Crypt:2  | Found a huge runed gate.
 44780 | Crypt:2  | Found a huge runed gate.
 44781 | Crypt:2  | Found a huge runed gate.
 44781 | Crypt:2  | Found a huge runed gate.
 44781 | Crypt:2  | Found a huge runed gate.
 44782 | Crypt:2  | Found a huge runed gate.
 44783 | Crypt:2  | Found a huge runed gate.
 44783 | Crypt:2  | Found a huge runed gate.
 44784 | Crypt:2  | Found a huge runed gate.
 44785 | Crypt:2  | Found a huge runed gate.
 44786 | Crypt:2  | Found a huge runed gate.
 44787 | Crypt:2  | Found a huge runed gate.
 44807 | Crypt:2  | Found a huge runed gate.
 44807 | Crypt:2  | Found a huge runed gate.
 44818 | Crypt:2  | Found a huge runed gate.
 44818 | Crypt:2  | Found a huge runed gate.
 44848 | Crypt:2  | Found a huge runed gate.
 44848 | Crypt:2  | Found a huge runed gate.
 45194 | Crypt:2  | Reached XP level 25. HP: 253/253 MP: 41/41
 45307 | Crypt:2  | Found a huge runed gate.
 45308 | Crypt:2  | Found a huge runed gate.
 45308 | Crypt:2  | Found a huge runed gate.
 45322 | Crypt:2  | Found a huge runed gate.
 45322 | Crypt:2  | Found a huge runed gate.
 45322 | Crypt:2  | Found a huge runed gate.
 45322 | Crypt:2  | Found a huge runed gate.
 45322 | Crypt:2  | Found a huge runed gate.
 45323 | Crypt:2  | Found a huge runed gate.
 45383 | Crypt:2  | Found a huge runed gate.
 45383 | Crypt:2  | Found a huge runed gate.
 45383 | Crypt:2  | Found a huge runed gate.
 45484 | Crypt:2  | Noticed an ancient lich
 45484 | Crypt:2  | Noticed an ancient lich
 45484 | Crypt:2  | Noticed an ancient lich
 45616 | Crypt:2  | Killed an ancient lich
 45639 | Crypt:2  | Killed an ancient lich
 45643 | Crypt:2  | Killed an ancient lich
 45734 | Crypt:3  | Entered Level 3 of the Crypt
 46246 | Crypt:3  | Reached skill level 1 in Spellcasting
 46449 | Crypt:3  | Got a fine jade ring
 46450 | Crypt:3  | Identified the ring "Mnept" {rF+ rN+ Str-2 Dex+5} (You found it on level 3 of the Crypt)
 46746 | Crypt:3  | Got a twitching wooden ring
 46747 | Crypt:3  | Identified the ring "Irazed" {rPois rF+ rN+ Dex-5} (You found it on level 3 of the Crypt)
 46749 | Crypt:3  | Got a shimmering golden ring
 46750 | Crypt:3  | Identified the ring of Trepidation {+Fly rElec rN+ Str+3 SInv} (You found it on level 3 of the Crypt)
 46752 | Crypt:3  | Got a translucent tin ring
 46753 | Crypt:3  | Identified the ring of Mihirch {Contam rN+ MR+ Str+4 Dex+4 Stlth+} (You found it on level 3 of the Crypt)
 46878 | Crypt:3  | Found a staircase to the Tomb.
 46897 | Tomb:1   | Entered Level 1 of the Tomb of the Ancients
 47000 | Crypt:3  | Found an ancient bone altar of Kikubaaqudgha.
 47048 | Crypt:3  | Reached skill level 5 in Spellcasting
 47060 | Crypt:3  | Got a flickering platinum ring
 47061 | Crypt:3  | Identified the ring of Poawo {rN+ MR- Dex+2 SInv} (You found it on level 3 of the Crypt)
 47064 | Crypt:3  | Got a faintly humming plate armour
 47065 | Crypt:3  | Identified the +5 plate armour of Oczutzex {SInv} (You found it on level 3 of the Crypt)
 47730 | Elf:1    | Entered Level 1 of the Elven Halls
 47944 | Elf:1    | Noticed Urug
 47950 | Elf:1    | Killed Urug
 47992 | Elf:1    | Noticed Nikola
 48002 | Elf:1    | Killed Nikola
 48004 | Elf:1    | Noticed Nessos
 48035 | Elf:1    | Killed Nessos
 48236 | Elf:1    | Found a shimmering altar of Xom.
 48479 | Elf:2    | Found Meybari's Assorted Antiques.
 48992 | Elf:2    | Found Qeotreh's Assorted Antiques.
 48998 | Elf:2    | Bought a potion of haste for 220 gold pieces
 48998 | Elf:2    | Bought a scroll of blinking for 165 gold pieces
 49095 | Elf:2    | Found a huge runed gate.
 49095 | Elf:2    | Found a huge runed gate.
 49095 | Elf:2    | Found a huge runed gate.
 49096 | Elf:2    | Found a huge runed gate.
 49097 | Elf:2    | Found a huge runed gate.
 49285 | Elf:2    | Reached XP level 26. HP: 261/261 MP: 42/42
 49380 | Elf:2    | Reached skill level 10 in Spellcasting
 49474 | Elf:3    | Entered Level 3 of the Elven Halls
 50454 | Elf:3    | Reached skill level 1 in Stealth
 50480 | Elf:3    | Got a transparent platinum ring
 50482 | Elf:3    | Identified the ring "Hoxuex" {SustAb MP+9 Str+2 Int+6} (You took it off a deep elf demonologist on level 3 of the Elven Halls)
 50566 | Elf:3    | Identified the Guide on Summoning
 50590 | Elf:3    | Got a warped brass amulet
 50591 | Elf:3    | Identified the amulet of Smollong {Clar Contam rF++} (You found it on level 3 of the Elven Halls)
 51019 | Hell     | Entered the Vestibule of Hell
 51019 | Hell     | Noticed Geryon
 51036 | Hell     | Reached skill level 5 in Stealth
 51072 | Hell     | Killed Geryon
 51120 | Hell     | Found a gateway to the freezing wastes of Cocytus.
 51204 | Hell     | Found a gateway to the Iron City of Dis.
 51279 | Hell     | Reached skill level 10 in Stealth
 51304 | Hell     | Noticed Murray
 51340 | Hell     | Killed Murray
 51360 | Hell     | Found a gateway to the decaying netherworld of Tartarus.
 51531 | Hell     | Found a gateway to the ashen valley of Gehenna.
 51611 | Dis:1    | Entered Level 1 of the Iron City of Dis
 51650 | Geh:1    | Entered Level 1 of Gehenna
 51687 | Tar:1    | Entered Level 1 of Tartarus
 51719 | Coc:1    | Entered Level 1 of Cocytus
 52161 | Slime:1  | Entered Level 1 of the Pits of Slime
 52208 | Slime:2  | Gained mutation: You tend to lose your temper in combat. [a shining eye]
 52210 | Slime:2  | Lost mutation: You tend to lose your temper in combat. [potion of cure mutation]
 52704 | Slime:5  | Reached skill level 22 in Invocations
 52988 | Slime:6  | Entered Level 6 of the Pits of Slime
 53070 | Slime:6  | Gained mutation: Space occasionally distorts in your vicinity. [a shining eye]
 53072 | Slime:5  | Lost mutation: Space occasionally distorts in your vicinity. [potion of cure mutation]
 53245 | Slime:6  | Reached XP level 27. HP: 268/268 MP: 43/43
 53390 | Slime:6  | Noticed the royal jelly
 53400 | Slime:6  | Killed the royal jelly
 53400 | Slime:6  | Reached skill level 23 in Invocations
 53638 | Slime:6  | Identified the Handbook of the Glacier and Dislocation
 53641 | Slime:6  | Learned a level 1 spell: Apportation
 53668 | Slime:6  | Got a slimy rune of Zot
 53670 | Slime:6  | Got a spiked helmet
 53681 | Slime:6  | Identified the cursed -2 helmet of Greater Demons {-Tele rC+ rN+ Str+2 Dex+3} (You found it on level 6 of the Pits of Slime)
 53716 | Slime:6  | Got a warped lead ring
 53718 | Slime:6  | Gained mutation: Your spells are a little harder to cast, but a little more powerful. [potion of beneficial mutation]
 53720 | Slime:6  | Identified the ring "Nirrigar" {SustAb rPois MR+ Str+2 Int-3} (You found it on level 6 of the Pits of Slime)
 53766 | Slime:6  | Got a smoking jade ring
 53768 | Slime:6  | Identified the ring "Xotwoll" {rElec rN+ Str+5 Int+3} (You found it on level 6 of the Pits of Slime)
 54191 | Depths:1 | Voluntarily entered the Abyss.
 54205 | Abyss:2  | Found a corrupted altar of Lugonu.
 54628 | Abyss:2  | Reached skill level 24 in Invocations
 55052 | Abyss:3  | Found a deep blue altar of Sif Muna.
 55380 | Abyss:3  | Found a corrupted altar of Lugonu.
 55462 | Abyss:3  | Reached skill level 25 in Invocations
 55843 | Abyss:3  | Got an abyssal rune of Zot
 55943 | Abyss:3  | Reached skill level 26 in Invocations
 55999 | Depths:1 | Escaped the Abyss
 56134 | Zot:1    | Entered Level 1 of the Realm of Zot
 56317 | Zot:1    | Noticed an orb of fire
 56336 | Zot:1    | Killed an orb of fire
 56501 | Zot:1    | Reached skill level 27 in Invocations
 56574 | Zot:1    | Reached skill level 1 in Translocations
 57148 | Zot:2    | Got a steaming steam dragon armour
 57159 | Zot:2    | Identified the +6 steam dragon armour of Ulypnuywa {rElec rF+ MR+ MP-9 Str-5} (You found it on level 2 of the Realm of Zot)
 57223 | Zot:2    | Noticed an orb of fire
 57232 | Zot:2    | Reached skill level 5 in Translocations
 57234 | Zot:2    | Killed an orb of fire
 57259 | Zot:2    | Got a transparent lapis lazuli ring
 57261 | Zot:2    | Identified the ring of Quutelomigo {+Inv rElec rC+ rN+ Int-2 SInv} (You found it on level 2 of the Realm of Zot)
 58102 | Depths:5 | Reached skill level 10 in Translocations
 58214 | Depths:3 | Learned a level 2 spell: Blink
 58596 | Vaults:3 | Learned a level 2 spell: Repel Missiles
 58853 | Crypt:3  | Learned a level 6 spell: Deflect Missiles
 58860 | Crypt:3  | Learned a level 6 spell: Haste
 58869 | Crypt:3  | Learned a level 6 spell: Iron Shot
 59236 | Vaults:5 | Learned a level 3 spell: Vampiric Draining
 59241 | Vaults:5 | Learned a level 4 spell: Animate Dead
 59368 | Vaults:2 | Reached skill level 1 in Charms
 59937 | Zot:3    | Noticed an orb of fire
 59953 | Zot:3    | Killed an orb of fire
 59989 | Zot:3    | Reached skill level 5 in Charms
 60170 | Zot:3    | Noticed an orb of fire
 60173 | Zot:3    | Gained mutation: Space occasionally distorts in your vicinity. [an orb of fire]
 60181 | Zot:3    | Killed an orb of fire
 60727 | Zot:3    | Reached skill level 10 in Charms
 60729 | Zot:3    | Upgraded the game from 0.16.0-17-g811c1d7 to 0.16.1
 60784 | Zot:3    | Reached skill level 1 in Necromancy
 60882 | Zot:3    | Lost mutation: Your spells are a little harder to cast, but a little more powerful. [potion of cure mutation]
 60882 | Zot:3    | Lost mutation: Space occasionally distorts in your vicinity. [potion of cure mutation]
 61053 | Zot:4    | Reached skill level 5 in Necromancy
 61815 | Zot:5    | Entered Level 5 of the Realm of Zot
 62066 | Zot:5    | Reached skill level 10 in Necromancy
 62070 | Zot:5    | Reached skill level 1 in Air Magic
 62661 | Zot:5    | Noticed an ancient lich
 62687 | Zot:5    | Killed an ancient lich
 62695 | Zot:5    | Noticed an orb of fire
 62696 | Zot:5    | Noticed an orb of fire
 62696 | Zot:5    | Noticed an ancient lich
 62705 | Zot:5    | Gained mutation: You are partially covered in molten scales (AC +1). [an orb of fire]
 62722 | Zot:5    | Killed an orb of fire
 62735 | Zot:5    | Killed an orb of fire
 62945 | Zot:5    | Noticed an orb of fire
 62948 | Zot:5    | Noticed an orb of fire
 62951 | Zot:5    | Noticed an orb of fire
 62994 | Zot:5    | HP: 12/268 [Orb Guardian (37)]
 62997 | Zot:5    | Killed from afar by an orb of fire

Action                   |  1- 3 |  4- 6 |  7- 9 | 10-12 | 13-15 | 16-18 | 19-21 | 22-24 | 25-27 || total
-------------------------+-------+-------+-------+-------+-------+-------+-------+-------+-------++-------
Melee: War axe           |   100 |   130 |   359 |   443 |       |       |       |       |       ||  1032
       Battleaxe         |       |       |       |   305 |  1151 |  1467 |  1304 |  1421 |  2717 ||  8365
Throw: Throwing net      |       |     2 |       |       |       |       |       |       |       ||     2
 Cast: Animate Dead      |       |       |       |       |       |       |       |       |     7 ||     7
       Repel Missiles    |       |       |       |       |       |       |       |       |     4 ||     4
Invok: Major Destruction |       |       |       |    12 |       |    28 |       |    10 |     6 ||    56
       Greater Servant o |       |       |       |     3 |     2 |     1 |     1 |       |       ||     7
 Abil: Evoke Teleport Co |       |       |       |       |       |       |       |     2 |       ||     2
       Evoke Flight      |       |       |       |       |       |       |       |       |     1 ||     1
Evoke: Wand              |       |     2 |     3 |     3 |       |       |     2 |     5 |    11 ||    26
  Use: Scroll            |     3 |     5 |    15 |    18 |     3 |    12 |     6 |    16 |    21 ||    99
       Potion            |       |       |     1 |     3 |       |       |     5 |     1 |    19 ||    29
 Stab: Distracted        |       |       |       |     1 |     3 |       |     2 |     1 |    15 ||    22
       Sleeping          |       |       |       |     1 |       |       |       |       |    24 ||    25
       Fleeing           |       |       |       |       |     1 |       |       |       |       ||     1
       Confused          |       |       |       |       |     1 |       |       |       |       ||     1
       Held in net/web   |       |       |       |       |       |     2 |       |     2 |       ||     4
  Eat: Chunk             |       |     5 |     9 |    21 |    22 |    36 |    18 |    18 |    21 ||   150
       Pizza             |       |       |     1 |     2 |       |       |     2 |       |     3 ||     8
       Royal jelly       |       |       |       |     1 |     2 |     1 |       |     1 |       ||     5
       Fruit             |       |       |       |     3 |       |       |       |       |    23 ||    26
       Beef jerky        |       |       |       |     2 |       |     4 |     2 |     4 |    12 ||    24
